 Dungeon Crawl Stone Soup version 0.23.0 (webtiles) character file.

Game seed: 6216321496267180840

191 grindst0ne the Skirmisher (level 5, -10/51 HPs)
             Began as a Gnoll Wanderer on Feb 10, 2019.
             Mangled by an orc warrior
             ... wielding a +0 dire flail
              (19 damage)
             ... on level 6 of the Dungeon.
             The game lasted 00:06:43 (2911 turns).

grindst0ne the Skirmisher (Gnoll Wanderer)          Turns: 2911, Time: 00:06:44

Health: -10/51     AC:  1    Str: 14    XL:     5   Next: 70%
Magic:  7/7        EV: 11    Int: 13    God:
Gold:   89         SH:  0    Dex: 17    Spells: 6/7 levels left

rFire    . . .     SeeInvis .   a - +2 spear
rCold    . . .     Gourm    .   (no shield)
rNeg     . . .     Faith    .   o - -2 leather armour (curse)
rPois    .         Spirit   .   (no helmet)
rElec    .         Reflect  .   (no cloak)
rCorr    .         Harm     .   (no gloves)
MR       +....                  (no boots)
Stlth    ++........             (no amulet)
HPRegen  0.17/turn              (no ring)
MPRegen  0.10/turn              (no ring)

@: lightly drained
A: distributed training, fangs 1, magic resistance 1, robust 1, strong nose
a: no special abilities


You were on level 6 of the Dungeon.
You were not hungry.

You visited 1 branch of the dungeon, and saw 6 of its levels.

You collected 89 gold pieces.

Inventory:

Hand Weapons
 a - a +2 spear (weapon)
Armour
 b - a +0 ring mail
 o - a cursed -2 leather armour (worn)
Jewellery
 k - a +4 ring of protection {unknown}
Wands
 c - a wand of iceblast (7)
 l - a wand of enslavement (6)
Scrolls
 e - a scroll of magic mapping
Potions
 f - 3 potions of flight
 h - 2 potions of mutation
 j - 2 potions of brilliance
Comestibles
 d - 2 rations


   Skills:
 + Level 6.7(6.3) Fighting
 + Level 1.5(1.2) Short Blades
 + Level 1.5(1.2) Long Blades
 + Level 1.5(1.2) Axes
 + Level 1.5(1.2) Maces & Flails
 + Level 1.5(1.2) Polearms
 + Level 1.5(1.2) Staves
 + Level 1.5(1.2) Slings
 + Level 1.5(1.2) Bows
 + Level 1.5(1.2) Crossbows
 + Level 3.0(2.7) Throwing
 + Level 4.8(4.5) Armour
 + Level 1.5(1.2) Dodging
 + Level 1.5(1.2) Stealth
 + Level 3.0(2.7) Shields
 + Level 1.5(1.2) Unarmed Combat
 + Level 1.5(1.2) Spellcasting
 + Level 1.2(0.9) Conjurations
 + Level 1.2(0.9) Hexes
 + Level 1.2(0.9) Charms
 + Level 1.2(0.9) Summonings
 + Level 4.0(3.6) Necromancy
 + Level 1.2(0.9) Translocations
 + Level 1.2(0.9) Transmutations
 + Level 1.2(0.9) Fire Magic
 + Level 1.2(0.9) Ice Magic
 + Level 2.4(2.1) Air Magic
 + Level 1.2(0.9) Earth Magic
 + Level 1.2(0.9) Poison Magic
 + Level 1.7(1.4) Invocations
 + Level 1.5(1.2) Evocations


You had 6 spell levels left.
You knew the following spells:

 Your Spells              Type           Power        Failure   Level  Hunger
a - Animate Skeleton      Necr           N/A          8%          1    ##.....

Your spell library contained the following spells:

 Spells                   Type           Power        Failure   Level  Hunger
 Vampiric Draining        Necr           ##........   22%         3    ####...


Dungeon Overview and Level Annotations

Branches:
Dungeon (6/15)
 Temple: D:4-7

Altars:
Sif Muna

Annotations:
D:2 exclusion: downstairs
D:5 Ijyb


Innate Abilities, Weirdness & Mutations

Your experience applies equally to all skills.
You have very sharp teeth.
Your uncanny sense of smell can sniff out nearby items.
You are resistant to hostile enchantments. (MR+)
You are robust. (+10% HP)


Message History

The wight is moderately damaged.
The wight closely misses you.
You hit the wight but do no damage.
The wight is moderately damaged.
The wight hits you with a cursed -1 long sword!
You feel drained.
You hit the wight.
The wight is heavily damaged.
The wight barely misses you.
The orc warrior hits you with a +0 dire flail!!
* * * LOW HITPOINT WARNING * * *
The orc hits you from afar with a +0 trident.
* * * LOW HITPOINT WARNING * * *
You hear a shout!
You hit the wight. Your bite misses the wight.
The wight is almost destroyed.
A wight comes into view. It is wielding a +0 trident.
The wight closely misses you.
The orc warrior hits you with a +0 dire flail!!
You die...

.....
# ...
.#
8.8
.#
..z..
#.#.
#..
#z#
###@#
#.o.#
#o###
#o..#
###o#
#.#
#.#
#.#
#o#


You could see an orc warrior, 2 wights and 2 orcs.

Vanquished Creatures
  An orc wizard (D:4)
  2 hound skeletons
  6 adders
  4 worms
  2 leopard geckos
  3 orcs
  2 ball pythons
  3 giant cockroaches
  11 goblins
  9 hobgoblins
  2 quokkas
  5 bats
  A frilled lizard (D:2)
  10 kobolds
  11 rats
72 creatures vanquished.

Notes
Turn   | Place    | Note
-------+----------+-------------------------------------------
     0 | D:1      | grindst0ne the Gnoll Wanderer began the quest for the Orb.
     0 | D:1      | grindst0ne set off with the following items: a +2 spear, a
                  | +0 ring mail, a ration; and the following spell memorised:
                  | Animate Skeleton; and the following spells available to
                  | memorise: Vampiric Draining
     0 | D:1      | Reached XP level 1. HP: 23/23 MP: 1/1
    87 | D:1      | Reached XP level 2. HP: 26/29 MP: 2/2
   280 | D:1      | Reached XP level 3. HP: 21/35 MP: 3/3
   612 | D:2      | Reached skill level 1 in Invocations
   721 | D:2      | Reached skill level 1 in Short Blades
   721 | D:2      | Reached skill level 1 in Long Blades
   721 | D:2      | Reached skill level 1 in Axes
   721 | D:2      | Reached skill level 1 in Maces & Flails
   721 | D:2      | Reached skill level 1 in Polearms
   721 | D:2      | Reached skill level 1 in Staves
   721 | D:2      | Reached skill level 1 in Slings
   721 | D:2      | Reached skill level 1 in Bows
   721 | D:2      | Reached skill level 1 in Crossbows
   721 | D:2      | Reached skill level 1 in Dodging
   721 | D:2      | Reached skill level 1 in Stealth
   721 | D:2      | Reached skill level 1 in Unarmed Combat
   721 | D:2      | Reached skill level 1 in Spellcasting
   721 | D:2      | Reached skill level 1 in Evocations
   837 | D:2      | Reached XP level 4. HP: 22/41 MP: 5/5
  1500 | D:3      | Reached skill level 1 in Conjurations
  1500 | D:3      | Reached skill level 1 in Hexes
  1500 | D:3      | Reached skill level 1 in Charms
  1500 | D:3      | Reached skill level 1 in Summonings
  1500 | D:3      | Reached skill level 1 in Translocations
  1500 | D:3      | Reached skill level 1 in Transmutations
  1500 | D:3      | Reached skill level 1 in Fire Magic
  1500 | D:3      | Reached skill level 1 in Ice Magic
  1500 | D:3      | Reached skill level 1 in Earth Magic
  1500 | D:3      | Reached skill level 1 in Poison Magic
  1514 | D:3      | Gained mutation: You are robust. (+10% HP) [potion of
                  | mutation]
  1514 | D:3      | Gained mutation: You are resistant to hostile enchantments.
                  | (MR+) [potion of mutation]
  1851 | D:3      | Reached XP level 5. HP: 47/51 MP: 6/6
  1946 | D:3      | Found a deep blue altar of Sif Muna.
  1964 | D:3      | Noticed an ogre
  2289 | D:4      | Noticed an ogre
  2374 | D:5      | Entered Level 5 of the Dungeon
  2628 | D:5      | Noticed Ijyb
  2893 | D:6      | Noticed an orc warrior
  2911 | D:6      | Mangled by an orc warrior

Skill      XL: |  1  2  3  4  5 |
---------------+----------------+-----
Air Magic      | 2 |  2.4
Invocations    | 1 |  1.7
Short Blades   | 1 |  1.5
Long Blades    | 1 |  1.5
Axes           | 1 |  1.5
Maces & Flails | 1 |  1.5
Polearms       | 1 |  1.5
Staves         | 1 |  1.5
Slings         | 1 |  1.5
Bows           | 1 |  1.5
Crossbows      | 1 |  1.5
Dodging        | 1 |  1.5
Stealth        | 1 |  1.5
Unarmed Combat | 1 |  1.5
Spellcasting   | 1 |  1.5
Evocations     | 1 |  1.5
Conjurations   | 1 |  1.2
Hexes          | 1 |  1.2
Charms         | 1 |  1.2
Summonings     | 1 |  1.2
Translocations | 1 |  1.2
Transmutations | 1 |  1.2
Fire Magic     | 1 |  1.2
Ice Magic      | 1 |  1.2
Earth Magic    | 1 |  1.2
Poison Magic   | 1 |  1.2
Throwing       | 3 |  3.0
Shields        | 3 |  3.0
Necromancy     | 4 |  4.0
Fighting       | |  6.7
Armour         | |  4.8

Action                   |  1- 3 |  4- 6 || total
-------------------------+-------+-------++-------
Melee: Spear             |   127 |   159 ||   286
       Bite              |     7 |    19 ||    26
       Punch             |       |     1 ||     1
Evoke: Wand              |       |     3 ||     3
  Use: Potion            |       |     9 ||     9
       Scroll            |       |     4 ||     4
 Stab: Sleeping          |       |     2 ||     2
  Eat: Chunk             |       |     5 ||     5
       Ration            |       |     1 ||     1
Armor: Ring mail         |    57 |    34 ||    91
       Skin              |       |     4 ||     4
       Leather armour    |       |     1 ||     1
Dodge: Dodged            |    77 |    89 ||   166
